 Dungeon Crawl Stone Soup version 0.14-a0-2644-gcc8e764 (webtiles) character file.

905 BlessedChild the Archer (level 7, 0/52 HPs)
             Began as a Centaur Hunter on Feb 16, 2014.
             Killed by nerve-wracking pain
             ... invoked by Jessica
              (5 damage)
             ... on Level 3 of the Dungeon.
             The game lasted 00:14:39 (4701 turns).

BlessedChild the Archer (Centaur Hunter)            Turns: 4701, Time: 00:14:40

HP   0/52        AC  5     Str 16      XL: 7   Next: 37%
MP   5/5         EV  9     Int 10      God:
Gold 209         SH  0     Dex 10      Spells:  0 memorised,  6 levels left

rFire  . . .     SeeInvis .     a - +0 short sword
rCold  . . .     Clarity  .     d - +0 leather armour
rNeg   . . .     Conserve .     (no shield)
rPois  .         rCorr    .     q - +0 helmet
rElec  .         rRot     .     (no cloak)
SustAb . .       Spirit   .     (no gloves)
rMut   .         Warding  .     (no barding)
Saprov . . .     Stasis   .     (no amulet)
MR     .....                    (no ring)
                                (no ring)

@: slowed, not resistant to hostile enchantments, extremely unstealthy
A: hooves 3, deformed body, herbivore 1, speed 2, fast metabolism 1, tough skin
3
a: no special abilities


You were on level 3 of the Dungeon.
You were not hungry.

You visited 1 branch of the dungeon, and saw 5 of its levels.

You collected 209 gold pieces.

Inventory:

Hand weapons
 a - a +0,+0 short sword (weapon)
 b - a +2,+1 bow
Missiles
 c - 18 arrows
Armour
 d - a +0 leather armour (worn)
 q - a +0 helmet (worn)
Comestibles
 f - 5 bread rations
 l - a meat ration
 x - a beef jerky
Scrolls
 h - a scroll of teleportation
 n - a scroll of fear
 o - a scroll of blinking
 r - a scroll of noise
 s - a scroll of fog
 u - 2 scrolls of remove curse
Jewellery
 j - an uncursed amulet of conservation {unknown}
 k - an uncursed ring of teleportation
Potions
 e - a potion of curing
 i - 2 potions of might {unknown}
 m - a potion of agility {unknown}
 p - a potion of lignification {unknown}
 t - a potion of speed {unknown}


   Skills:
 - Level 1.0 Fighting
 + Level 11.6 Bows
 - Level 1.3 Dodging
 - Level 0.5 Stealth


You had 6 spell levels left.
You didn't know any spells.

Dungeon Overview and Level Annotations

Branches:
Dungeon (5/16)
 Temple: D:4-7

Altars:
Makhleb

Annotations:
D:3 Jessica


Innate Abilities, Weirdness & Mutations

You have hooves in place of feet.
Armour fits poorly on your strangely shaped body.
You digest meat inefficiently.
You cover ground very quickly.
You have a fast metabolism.
You have extremely tough skin (AC +3).


Message History

Press: ? - help, Shift-Dir - straight line, f - Jessica
Aim: Jessica, wielding an orcish club and wearing a robe (moving very quickly)
You shoot an arrow. The arrow hits Jessica.
Jessica is heavily wounded.
Jessica closely misses you.
Wield which item (- for none, * to show all)? (? for menu, Esc to quit)
a - a +0,+0 short sword (weapon)
Jessica hits you with an orcish club.
* * * LOW HITPOINT WARNING * * *
You barely miss Jessica.
Jessica is heavily wounded.
Jessica gestures at you while chanting.
You struggle to resist.
Jessica closely misses you.
You hit Jessica but do no damage. Your kick misses Jessica.
Jessica is heavily wounded.
Jessica hits you with an orcish club.
* * * LOW HITPOINT WARNING * * *
Jessica gestures at you while chanting. Pain shoots through your body!
You die...

.... ... #.# ###
############.######..
#....................
#......?.###.######..
#......%.# #.# #..
#........# #.######..
####@##### #.##...#..
#@# #.##...... .(.
#.##...#.. .....
#.##...##. (......
#.###.###. ........#
#.# #.# #. #.(......#
#.# #.###. ##.#.##.#
#.# #.#... #.# #.#
#.#...


You could see Jessica.

Vanquished Creatures
  Grinder (D:3)
  An ogre (D:4)
  2 orc priests (D:4)
  3 hounds
  3 worker ants (D:4)
  Ijyb (D:5)
  3 adders (D:2)
  A gnoll (D:2)
  A worm zombie (D:4)
  A worm (D:3)
  2 adder skeletons
  A giant eyeball (D:4)
  2 giant geckos
  An ooze (D:1)
  4 orcs
  14 bats
  2 giant cockroaches (D:3)
  8 goblins
  6 hobgoblins
  9 jackals
  2 quokkas
  A ball python (D:2)
  7 giant newts
  5 kobolds
  4 rats
85 creatures vanquished.

Notes
Turn   | Place    | Note
--------------------------------------------------------------
     0 | D:1      | BlessedChild, the Centaur Hunter, began the quest for the Orb.
     0 | D:1      | Reached XP level 1. HP: 16/16 MP: 1/1
   264 | D:1      | Reached XP level 2. HP: 10/23 MP: 2/2
   416 | D:1      | Reached skill level 6 in Bows
   719 | D:2      | Reached XP level 3. HP: 19/28 MP: 3/3
  1512 | D:2      | Reached skill level 7 in Bows
  1749 | D:2      | Reached XP level 4. HP: 35/35 MP: 3/3
  2177 | D:3      | Noticed Grinder
  2188 | D:3      | Paralysed by Grinder for 4 turns
  2191 | D:3      | HP: 1/35 [Grinder (4)]
  2403 | D:4      | Found a burning altar of Makhleb.
  2421 | D:4      | Reached skill level 8 in Bows
  2763 | D:4      | Paralysed by a giant eyeball for 3 turns
  2771 | D:4      | Paralysed by a giant eyeball for 3 turns
  2849 | D:4      | Noticed an ogre
  2858 | D:4      | Killed an ogre
  2858 | D:4      | Reached skill level 9 in Bows
  2858 | D:4      | Reached XP level 5. HP: 26/40 MP: 4/4
  3273 | D:4      | Reached XP level 6. HP: 19/47 MP: 5/5
  3826 | D:4      | HP: 2/47 [orc priest/orcish falchion (5)]
  3827 | D:4      | Reached skill level 10 in Bows
  4272 | D:5      | Entered Level 5 of the Dungeon
  4353 | D:5      | Noticed Ijyb
  4376 | D:5      | Killed Ijyb
  4665 | D:3      | Noticed Jessica
  4668 | D:3      | Paralysed by Grinder for 6 turns
  4683 | D:3      | Paralysed by Grinder for 4 turns
  4697 | D:3      | Killed Grinder
  4697 | D:3      | Reached skill level 11 in Bows
  4697 | D:3      | Reached XP level 7. HP: 16/52 MP: 5/5
  4701 | D:3      | Killed from afar by Jessica

Action                   |  1- 3 |  4- 6 |  7- 9 || total
-------------------------+-------+-------+-------++-------
Melee: Short sword       |   105 |   227 |     2 ||   334
 Fire: Bow               |     8 |    46 |     1 ||    55
  Use: Potion            |       |     4 |       ||     4
       Scroll            |       |    14 |       ||    14
